 Dungeon Crawl Stone Soup version 0.28.0-53-g5a82cb258f (webtiles) character file.

Game seed: 17434970835587410747

403 MordorOrchid the Magician (level 7, -13/49 HPs)
             Began as a Djinni Conjurer on July 3, 2022.
             Mangled by a shadow (19 damage)
             ... on level 5 of the Dungeon.
             The game lasted 00:11:21 (2999 turns).

MordorOrchid the Magician (Djinni Conjurer)         Turns: 2999, Time: 00:11:21

Health: -13/49     AC:  2    Str:  6    XL:     7   Next: 11%
Gold:   167        EV: 13    Int: 21    God:
                   SH:  0    Dex: 12

rFire   + + .      SeeInvis .   j - +3 whip
rCold   x . .      Faith    .   (no shield)
rNeg    . . .      Spirit   .   a - +0 robe
rPois   ∞          Reflect  .   (no helmet)
rElec   .          Harm     .   (no cloak)
rCorr   +          Rampage  .   (no gloves)
Will    .....                   (boots unavailable)
Stlth   ++........              e - amulet of regeneration
HPRegen 0.96/turn               q - ring of resist corrosion
MPRegen 0.00/turn               (no ring)

@: flying
A: sickness immunity, fire resistance 2, cold vulnerability 1, float, innate
caster, HP casting, extra vitality 1
a: no special abilities


You were on level 5 of the Dungeon.
You visited 1 branch of the dungeon, and saw 5 of its levels.

You collected 167 gold pieces.

Inventory:

Hand Weapons
 d - a +0 short sword
 j - a +3 whip (weapon)
 p - a +1 halberd of freezing
 t - the +4 hand axe of Reapportionment {vamp, *Corrode rPois rF+ SInv}
   (You found it on level 4 of the Dungeon)

   It occasionally heals its wielder for a portion of the damage dealt when it
   wounds a living foe.
   rF:        It protects you from fire.
   rPois:     It protects you from poison.
   SInv:      It lets you see invisible.
   *Corrode:  It may corrode you when you take damage.
Missiles
 i - 7 poisoned darts (quivered)
 x - 2 boomerangs
Armour
 a - a +0 robe (worn)
Jewellery
 e - an amulet of regeneration (around neck)
 q - a ring of resist corrosion (left hand)
Scrolls
 b - a scroll of noise
 c - a scroll of enchant armour
 f - 5 scrolls of teleportation
 l - a scroll of enchant weapon {unknown}
 o - a scroll of immolation
 r - a scroll of magic mapping
 u - a scroll of brand weapon {unknown}
Potions
 g - 2 potions of curing
 h - a potion of haste
 k - a potion of magic {unknown}
 m - a potion of heal wounds
 n - 2 potions of cancellation
 s - a potion of invisibility {unknown}
 v - a potion of mutation {unknown}
 w - a potion of ambrosia {unknown}


   Skills:
 * Level 2.2 Fighting
 * Level 2.2 Armour
 * Level 3.5 Dodging
 - Level 1.5 Stealth
 + Level 5.1 Spellcasting


You couldn't memorise any spells.
You knew the following spells:

 Your Spells              Type           Power      Damage    Failure   Level
a - Magic Dart            Conj           100%       1d8       1%          1
b - Searing Ray           Conj           54%        2d6       1%          2
c - Dazzling Flash        Conj/Hex       54%        N/A       3%          3
f - Stone Arrow           Conj/Erth      54%        3d10      3%          3
g - Corpse Rot            Necr/Air       54%        N/A       1%          2
h - Freeze                Ice            100%       1d11      1%          1
r - Iskenderun's Mystic   Conj/Tloc      27%        2d7       13%         4
J - Fulminant Prism       Conj/Hex       13%        3d9       13%         4
Your spell library was empty.

Dungeon Overview and Level Annotations

Branches:
Dungeon (5/15)
 Temple: D:4-7

Altars:
Fedhas
Nemelex Xobeh
Wu Jian


Innate Abilities, Weirdness & Mutations

You are immune to sickness and miasma.
You are immune to poison.
Your flesh is very heat resistant. (rF++)
You are vulnerable to cold. (rC-)
You float through the air rather than walking.
You learn spells naturally, not from books.
Your magical power is your life essence.
You have superior vitality. (+4 MHP)


Message History

Casting: Searing Ray (safe; 1% risk of failure)
Confirm with . or Enter, or press ? or * to list all spells.
Restarting spell: Searing Ray (safe; 1% risk of failure)
Press: ? - help, Shift-Dir - straight line, f - shadow
Aim: a shadow (heavily damaged, 79% to hit)
The searing ray hits the shadow.
The shadow is severely damaged. (Press . to maintain the ray.)
The shadow hits you!
* * * LOW HITPOINT WARNING * * *
Casting: Searing Ray (safe; 1% risk of failure)
Confirm with . or Enter, or press ? or * to list all spells.
Restarting spell: Searing Ray (safe; 1% risk of failure)
Press: ? - help, Shift-Dir - straight line, f - shadow
Aim: a shadow (severely damaged, 79% to hit)
The searing ray hits the shadow.
The shadow is almost destroyed. (Press . to maintain the ray.)
* * * LOW HITPOINT WARNING * * *
The shadow hits you.
* * * LOW HITPOINT WARNING * * *
Casting: Searing Ray (safe; 1% risk of failure)
Confirm with . or Enter, or press ? or * to list all spells.
Aiming: Magic Dart (safe; 1% risk of failure)
Press: ? - help, Shift-Dir - straight line, f - shadow
Aim: a shadow (almost destroyed, 100% to hit)
The magic dart hits the shadow.
The shadow is almost destroyed.
* * * LOW HITPOINT WARNING * * *
The shadow slips into darkness.
The shadow flickers and vanishes!
Deactivating autopickup; reactivate with Ctrl-A.
Casting: Magic Dart (safe; 1% risk of failure)
Confirm with . or Enter, or press ? or * to list all spells.
Aiming: Magic Dart (safe; 1% risk of failure)
Press: ? - help, Shift-Dir - straight line, f - you The magic dart hits something but does no damage.
* * * LOW HITPOINT WARNING * * *
The shadow strikes at you from the darkness!
You die...

**,,,,,,,** ###.###### #.###..##
*,,,,,,,,,###........###......<##
+,,,,,,,,,+......................
*,,,,,,,,,###....###.#######...##
**,,,,,,,** #.#.## #.# ####..##
**,,,,,** #.#..###.# #......#
**,,,** #........# #.##.#.# **+**
####.##### #,*#.#.# *,* #@#
#.*#.#.# *,* #{# ##.##.#.##
*****,** #.# #........# ,,**,,,**
#.# #........# *,*,,,,,* #.#
#.###.##.# *,**,,,#########.# #,*
#..... *,***,,..........# *,*
####[. ,,**,,,...######## *,* #.#
,,,,,,,,,,,* *,*****#.#


There were no monsters in sight!

Vanquished Creatures
  A phantom (D:5)
  A water moccasin zombie (D:5)
  An orc priest (D:5)
  Natasha (thrice) (D:2)
  A hound skeleton (D:3)
  3 gnolls (D:3)
  5 adders
  A dart slug (D:5)
  8 orcs
  4 endoplasms
  2 giant cockroaches
  10 goblins
  7 hobgoblins
  6 quokkas
  8 ball pythons
  5 bats
  4 frilled lizards
  9 kobolds
  5 rats
84 creatures vanquished.

Notes
Turn   | Place    | Note
-------+----------+-------------------------------------------
     0 | D:1      | MordorOrchid the Djinni Conjurer began the quest for the
                  | Orb.
     0 | D:1      | Reached XP level 1. HP: 15/15 MP: 0/0
   262 | D:1      | Reached XP level 2. HP: 19/21 MP: 0/0
   447 | D:1      | Reached XP level 3. HP: 26/26 MP: 0/0
   447 | D:1      | Learned a level 1 spell: Freeze
  1073 | D:2      | Noticed Natasha
  1084 | D:2      | Killed Natasha
  1085 | D:2      | Reached skill level 1 in Fighting
  1085 | D:2      | Reached skill level 1 in Armour
  1085 | D:2      | Reached XP level 4. HP: 31/32 MP: 0/0
  1183 | D:2      | Reached skill level 4 in Spellcasting
  1300 | D:2      | Noticed Natasha
  1310 | D:2      | Killed Natasha
  1311 | D:2      | Reached XP level 5. HP: 36/37 MP: 0/0
  1311 | D:2      | Learned a level 2 spell: Corpse Rot
  1326 | D:2      | Noticed Natasha
  1329 | D:2      | Killed Natasha
  1545 | D:3      | Found a faded altar of an unknown god.
  1696 | D:3      | Found an ornate altar of the Wu Jian Council.
  1884 | D:3      | Reached XP level 6. HP: 39/43 MP: 0/0
  2309 | D:4      | Found a sparkling altar of Nemelex Xobeh.
  2324 | D:4      | Identified the +4 hand axe of Reapportionment {vamp,
                  | *Corrode rPois rF+ SInv}
  2438 | D:4      | Found a blossoming altar of Fedhas.
  2603 | D:4      | Identified the +1 robe of the Weaver {-Tele Harm *Slow
                  | Dex+7}
  2879 | D:5      | Entered Level 5 of the Dungeon
  2950 | D:5      | Reached skill level 5 in Spellcasting
  2981 | D:5      | Noticed a shadow
  2987 | D:5      | Reached XP level 7. HP: 47/49 MP: 0/0
  2987 | D:5      | Learned a level 3 spell: Stone Arrow
  2999 | D:5      | Mangled by a shadow

Illustrated notes

Levels and vault maps discovered:
D:1:      lemuel_arrival_lava_pool, layout_rooms, minmay_unequal
D:2:      layout_loops_corners, corexii_corridor_pit, uniq_natasha
D:3:      layout_rooms, nzn_wu_jian_contemplation, basic_ecumenical_altar,
          chequers_serial_rivers_marsh, minmay_misc_feat_five,
          grunt_decor_clamped
D:4:      layout_basic, lemuel_round_altar, lemuel_crystal_altar,
          minmay_misc_feat_doors
D:5:      layout_loops_corners, cheibrodos_sewer_entry_sluice, uniq_sigmund,
          uniq_duvessa, uniq_menkaure

Skill      XL: |  1  2  3  4  5  6 |
---------------+-------------------+-----
Fighting       | 1 2 |  2.2
Armour         | 1 2 |  2.2
Spellcasting   | 4 5 |  5.1
Dodging        | 3 |  3.5
Stealth        | |  1.5

Action                   |  1- 3 |  4- 6 |  7- 9 || total
-------------------------+-------+-------+-------++-------
Melee: Unarmed           |     2 |       |       ||     2
Throw: Dart              |     4 |       |       ||     4
 Cast: Magic Dart        |    55 |    99 |     2 ||   156
       Searing Ray       |     1 |    10 |     4 ||    15
  Use: Scroll            |     4 |     6 |       ||    10
Armor: Robe              |       |     1 |       ||     1
Dodge: Dodged            |     7 |    18 |     1 ||    26
